 Dungeon Crawl Stone Soup version 0.30.1-3-gfc49f6343a (webtiles) character file.

Game seed: 13834247826388487048

2187 Babbit the Trooper (level 9, 0/92 HPs)
             Began as an Ogre Cinder Acolyte on July 18, 2023.
             Was a High Priest of Ignis.
             Slain by a gnoll
             ... wielding a +0 spear
             ... led by a gnoll sergeant
              (6 damage)
             ... on level 6 of the Dungeon.
             The game lasted 01:03:44 (5106 turns).

Babbit the Trooper (Ogre Cinder Acolyte)            Turns: 5106, Time: 01:03:44

Health: 0/92       AC:  5    Str: 20    XL:     9   Next: 33%
Magic:  8/17       EV:  9    Int: 19    God:    Ignis [*****.]
Gold:   282        SH:  0    Dex:  4    Spells: 14/19 levels left

rFire   + . .        g - +4 quarterstaff (chaos)
rCold   . . .        (shield currently unavailable)
rNeg    . . .        b - +0 robe
rPois   .            (helmet restricted)
rElec   .            i - +1 cloak {Will+}
rCorr   .            (gloves unavailable)
SInv    .            (boots unavailable)
Will    +....        (no amulet)
Stlth   +            (no ring)
HPRegen 0.35/turn    (no ring)
MPRegen 0.15/turn

%: no passive effects
@: very slightly contaminated
A: large, unfitting armour, tough skin 1
a: Renounce Religion, Fiery Armour, Foxfire Swarm, Rising Flame


You were on level 6 of the Dungeon.
You worshipped Ignis.
Ignis was extremely pleased with you.
You visited 1 branch of the dungeon, and saw 6 of its levels.

You collected 282 gold pieces.

Inventory:

Hand Weapons
 a - a -1 spear of flaming
 g - a +4 quarterstaff of chaos (weapon)
Armour
 b - a +0 robe (worn)
 i - a +1 cloak of willpower (worn)
Magical Staves
 p - a staff of air
Wands
 u - a wand of charming (2) (quivered)
Scrolls
 e - a scroll of noise {unknown}
 f - 2 scrolls of poison
 k - a scroll of blinking {unknown}
 o - 2 scrolls of immolation {unknown}
 r - a scroll of silence
 v - a scroll of acquirement {unknown}
Potions
 d - 4 potions of curing
 h - 3 potions of attraction {unknown}
 j - 2 potions of might {unknown}
 l - a potion of magic {unknown}
 m - 3 potions of brilliance
 n - 4 potions of lignification {unknown}
 q - a potion of invisibility {unknown}
 t - a potion of ambrosia {unknown}


   Skills:
 + Level 6.7 Fighting
 + Level 4.7(6.0) Polearms
 + Level 5.5(6.3) Staves
 + Level 3.1 Dodging
 + Level 1.1 Stealth
 + Level 5.5 Spellcasting
 + Level 0.1 Summonings
 + Level 6.2 Fire Magic
 + Level 0.8 Evocations


You had 14 spell levels left.
You knew the following spells:

 Your Spells              Type           Power      Damage    Failure   Level
a - Scorch                Fire           56%        2d7       1%          2
b - Magic Dart            Conj           20%        1d4       12%         1
c - Call Imp              Summ           10%        N/A       17%         2

Your spell library contained the following spells:

 Spells                   Type           Power      Damage    Failure   Level
 Sublimation of Blood     Necr           5%         N/A       19%         2
 Mephitic Cloud           Conj/Pois/Air  5%         N/A       34%         3
 Petrify                  Tmut/Erth      5%         N/A       75%         4
 Irradiate                Conj/Tmut      2%         3d12      97%         5


Dungeon Overview and Level Annotations

Branches:
Dungeon (6/15)             Temple (0/1) D:4

Altars:
Qazlal

Shops:
D:3 (


Innate Abilities, Weirdness & Mutations

You are too large for most types of armour.
You have tough skin. (AC +1)


Message History

Press: ? - help, Q - select action, (/) - cycle Shift-Dir - straight line, f - gnoll
Aim: a gnoll, wielding a +1 halberd of venom (chance to affect: 60%)
The gnoll is charmed.
The gnoll sergeant hits your gnoll with a +0 spear!
Your gnoll dies!
Casting: Call Imp (safe; 17% risk of failure)
Confirm with . or Enter, or press ? or * to list all spells.
Okay, then.
The gnoll sergeant barely misses you.
Aiming: Charm
Press: ? - help, Q - select action, (/) - cycle Shift-Dir - straight line, f - gnoll sergeant, p - gnoll
Aim: a gnoll sergeant, wielding a +0 spear and wearing a +0 scale mail (chance to affect: 50%)
Okay, then.
Casting: Call Imp (safe; 17% risk of failure)
Confirm with . or Enter, or press ? or * to list all spells.
Okay, then.
Your cerulean imp disappears in a puff of smoke!
The gnoll sergeant hits you from afar with a +0 spear.
* * * LOW HITPOINT WARNING * * *
The gnoll barely misses you.
Casting: Call Imp (safe; 17% risk of failure)
Confirm with . or Enter, or press ? or * to list all spells.
Aiming: Magic Dart (safe; 12% risk of failure)
Press: ? - help, Shift-Dir - straight line, f - gnoll, p - gnoll
Aim: a gnoll, wielding a +0 halberd (fast, 100% to hit)
Really fire in your gnoll's direction?
Okay, then.
Casting: Magic Dart (safe; 12% risk of failure)
Confirm with . or Enter, or press ? or * to list all spells.
Aiming: Magic Dart (safe; 12% risk of failure)
Press: ? - help, Shift-Dir - straight line, f - gnoll, p - gnoll
Aim: a gnoll, wielding a +0 spear (100% to hit)
You miscast Magic Dart.
You are very lightly contaminated with residual magic.
Nothing appears to happen.
The gnoll hits you from afar with a +0 halberd!
* * * LOW HITPOINT WARNING * * *
The gnoll sergeant barely misses you.
The gnoll hits you from afar with a +0 spear.
You die...

.# .........#............ ♣.#
..# #.................
♣♣..###.# ##.......).........
..####..###..................
......[###...........)$#...
..###....##......)..##.......
..# #.##........gg#.# .......
..###.###........gg.#......#.
.....## #..#....@........#.#
.###..###.##......##...... ..
## #..##..###.....# ....... .
# #..##.## ##...#..........
#.....# ......## ..
.........# ...#....
..###..............#. #
##............. #. ##.......


You could see a gnoll sergeant, 2 gnolls and a friendly gnoll (charmed).

Vanquished Creatures
  Pikel (D:5)
  A queen bee (shapeshifter) (D:5)
  A vampire (D:6)
  A water moccasin (D:5)
  A black bear (D:4)
  2 ogres
  2 phantoms
  3 scorpions
  2 hounds
  4 jellies
  Crazy Yiuf (D:4)
  An iguana (D:4)
  2 orc wizards
  3 gnolls (D:4)
  4 adders
  A worm (D:4)
  A dart slug (D:1)
  7 orcs
  10 ball pythons
  5 endoplasms
  4 giant cockroaches
  3 goblins
  4 hobgoblins (D:2)
  7 jackals
  2 quokkas
  A training dummy (D:5)
  4 bats
  A frilled lizard (D:1)
  10 kobolds
  4 rats
93 creatures vanquished.

Vanquished Creatures (collateral kills)
  Grinder (D:5)
  An orc (D:5)
2 creatures vanquished.

Vanquished Creatures (others)
  An ogre (D:6)
  A gnoll (D:6)
  An orc zombie (D:4)
3 creatures vanquished.

Grand Total: 98 creatures vanquished

Notes
Turn   | Place    | Note
-------+----------+-------------------------------------------
     0 | D:1      | Babbit the Ogre Cinder Acolyte began the quest for the Orb.
     0 | D:1      | Reached XP level 1. HP: 24/24 MP: 2/2
   377 | D:1      | Reached XP level 2. HP: 33/33 MP: 3/3
   764 | D:1      | Reached XP level 3. HP: 7/40 MP: 4/4
  1463 | D:2      | Found a faded altar of an unknown god.
  1904 | D:2      | Reached XP level 4. HP: 13/49 MP: 5/5
  2099 | D:3      | Learned a level 2 spell: Scorch
  2137 | D:3      | Found a stormy altar of Qazlal.
  2488 | D:3      | Reached skill level 5 in Fighting
  2597 | D:3      | Found Juzij's Antique Weapon Emporium.
  2843 | D:3      | Reached skill level 1 in Dodging
  2843 | D:3      | Reached XP level 5. HP: 43/57 MP: 5/7
  3025 | D:4      | Upgraded the game from 0.30.1-1-g62c8e00024 to
                  | 0.30.1-3-gfc49f6343a
  3105 | D:4      | Found a runed translucent door.
  3106 | D:4      | Noticed Crazy Yiuf
  3120 | D:4      | Killed Crazy Yiuf
  3198 | D:4      | Reached XP level 6. HP: 57/66 MP: 5/9
  3294 | D:4      | Reached skill level 1 in Staves
  3517 | D:4      | Noticed a black bear
  3529 | D:4      | Killed a black bear
  3530 | D:4      | Reached XP level 7. HP: 41/74 MP: 3/10
  3586 | D:4      | Found a staircase to the Ecumenical Temple.
  3882 | D:5      | Entered Level 5 of the Dungeon
  3915 | D:5      | an ogre changed into a shapeshifter
  3915 | D:5      | Noticed a shapeshifter (shapeshifter)
  3915 | D:5      | a shapeshifter changed into a basilisk
  3915 | D:5      | Noticed a basilisk (shapeshifter)
  3920 | D:5      | a basilisk changed into a queen bee
  3920 | D:5      | Noticed a queen bee (shapeshifter)
  3921 | D:5      | Killed a queen bee
  3939 | D:5      | Reached XP level 8. HP: 80/83 MP: 7/13
  4102 | D:5      | Noticed Grinder
  4103 | D:5      | Paralysed by Grinder for 3 turns
  4122 | D:5      | Killed Grinder
  4142 | D:5      | Reached skill level 1 in Stealth
  4405 | D:5      | Reached skill level 5 in Fire Magic
  4421 | D:5      | Noticed Pikel
  4449 | D:5      | Killed Pikel
  4450 | D:5      | Reached skill level 5 in Spellcasting
  4450 | D:5      | Reached XP level 9. HP: 35/92 MP: 10/16
  4513 | D:5      | Learned a level 1 spell: Magic Dart
  4516 | D:5      | Learned a level 2 spell: Call Imp
  4681 | D:5      | Reached skill level 5 in Staves
  5106 | D:6      | Slain by a gnoll

Illustrated notes

Levels and vault maps discovered:
D:1:      minmay_arrival_solitary_statue, layout_basic, serial_bayou_ford_a
D:2:      layout_rooms, dreamdust_ecumenical_altar_hidden_monk_grotto,
          serial_co_window_serial, co_window_corner_a,
          co_window_of_opportunity_a, co_window_cross_1, co_window_paths_b,
          co_window_corner_a, co_window_2corner, co_window_unsneaky_path_a,
          co_window_corner_b, co_window_unsneaky_path_d,
          co_window_of_opportunity_b, co_window_corner_b,
          co_window_unsneaky_path_b, co_window_paths_d, glass_columns_a,
          glass_columns_b, glass_columns_c, glass_columns_a, glass_columns_c
D:3:      layout_rooms, nicolae_overflow_crystal_walls, serial_shops,
          nicolae_shop_window_shopping, minivault_11, chequers_arboretum
D:4:      minmay_skewed_foursquare, layout_loops_ring,
          minmay_temple_entry_gardened_gates, minmay_ruptured,
          uniq_crazy_yiuf_cottage
D:5:      dreamdust_elfheim, layout_rooms, serial_curves, eino_curves_04,
          eino_curves_04, small_statue_intersection, uniq_grinder, uniq_pikel
D:6:      layout_layer_cave, nrook_campfire, dk_vineyard_1, uniq_eustachio,
          uniq_duvessa, uniq_sigmund

Skill      XL: |  1  2  3  4  5  6  7  8  9 |
---------------+----------------------------+-----
Fire Magic     | 3 4 5 6 |  6.2
Polearms       | 4 |  4.7
Fighting       | 5 6 |  6.7
Dodging        | 1 2 3 |  3.1
Spellcasting   | 2 3 5 |  5.5
Staves         | 2 3 4 5 |  5.5
Stealth        | 1 |  1.1
Summonings     | |  0.1
Evocations     | |  0.8

Action                     |  1- 3 |  4- 6 |  7- 9 || total
---------------------------+-------+-------+-------++-------
  Melee: Spear             |   112 |    85 |       ||   197
         Punch             |     1 |       |       ||     1
         Quarterstaff      |       |    36 |    63 ||    99
   Cast: Scorch            |       |    22 |    24 ||    46
         Call Imp          |       |       |     7 ||     7
         Magic Dart        |       |       |     4 ||     4
  Evoke: Wand              |     4 |     4 |     5 ||    13
    Use: Potion            |     1 |       |     2 ||     3
         Scroll            |       |     8 |     4 ||    12
   Stab: Paralysed         |       |     1 |       ||     1
 Armour: Robe              |    37 |    48 |    22 ||   107
  Dodge: Dodged            |    52 |    65 |    30 ||   147
